 Dungeon Crawl Stone Soup version 0.22.0 (webtiles) character file.

8470 KnightedAnt the Agent of Entropy (level 11, -2/89 HPs)
             Began as a Formicid Abyssal Knight on Oct 29, 2018.
             Was a Priest of Lugonu.
             Slain by an eight-headed hydra (8 damage)
             ... on level 10 of the Dungeon.
             The game lasted 00:21:14 (8080 turns).

KnightedAnt the Agent of Entropy (FoAK)             Turns: 8080, Time: 00:21:15

Health: -2/89      AC: 11    Str: 21    XL:     11   Next: 56%
Magic:  14/18      EV: 14    Int: 14    God:    Lugonu [***...]
Gold:   386        SH: 16    Dex: 10    Spells: 4/10 levels left

rFire    + . .     SeeInvis +   H - +2 whip (elec)
rCold    . . .     Gourm    .   f - +0 large shield
rNeg     . . .     Faith    .   C - +2 ring mail {rF+}
rPois    .         Spirit   .   (helmet unavailable)
rElec    .         Reflect  .   z - +0 cloak
rCorr    .         Harm     .   (no gloves)
MR       +....                  k - +0 pair of boots
Stlth    ..........             e - amulet of regeneration
HPRegen  0.64/turn              u - +5 ring of evasion
MPRegen  0.16/turn              E - +3 ring of intelligence

@: no status effects
A: permanent stasis, dig shafts and tunnels, four strong arms, antennae 3
a: Dig, Shaft Self, Depart the Abyss, Bend Space, Banish, Renounce Religion


You were on level 10 of the Dungeon.
You worshipped Lugonu.
Lugonu was most pleased with you.
You were near starving.

You visited 1 branch of the dungeon, and saw 11 of its levels.
You visited the Abyss 1 time.

You collected 386 gold pieces.

Inventory:

Hand Weapons
 w - a +0 hunting sling
 H - a +2 whip of electrocution (weapon)
Missiles
 d - 67 sling bullets
Armour
 f - a +0 large shield (worn)
 k - a +0 pair of boots (worn)
 z - a +0 cloak (worn)
 C - a +2 ring mail of fire resistance (worn)
Jewellery
 e - an amulet of regeneration (around neck)
 o - an uncursed ring of see invisible {unknown}
 u - a +5 ring of evasion (left hand)
 v - an uncursed ring of fire
 E - a +3 ring of intelligence (right hand)
Wands
 J - a wand of iceblast (10)
 M - a wand of disintegration (10)
Scrolls
 b - 3 scrolls of magic mapping
 h - 3 scrolls of enchant weapon
 i - 2 scrolls of fear
 j - 4 scrolls of remove curse
 p - 2 scrolls of fog
 y - 3 scrolls of amnesia
 I - a scroll of brand weapon {unknown}
 K - a scroll of enchant armour {unknown}
 L - a scroll of immolation {unknown}
Potions
 g - 2 potions of mutation
 l - 2 potions of curing
 m - 3 potions of invisibility
 n - 3 potions of resistance
 q - 3 potions of brilliance
 s - 2 potions of flight {unknown}
 t - 2 potions of heal wounds {unknown}
 x - 2 potions of berserk rage {unknown}
 A - a potion of ambrosia {unknown}
 B - a potion of haste {unknown}
 D - a potion of magic {unknown}
 F - a potion of agility
Comestibles
 c - 20 rations


   Skills:
 + Level 9.0 Fighting
 + Level 7.9 Maces & Flails
 + Level 8.7 Armour
 - Level 1.5 Dodging
 + Level 9.0 Shields
 + Level 2.3 Earth Magic
 + Level 9.4 Invocations


You had 4 spell levels left.
You knew the following spells:

 Your Spells              Type           Power        Failure   Level  Hunger
a - Statue Form           Tmut/Erth      #........    100%        6    #######

Your spell library contained the following spells:

 Spells                   Type           Power        Failure   Level  Hunger
 Fireball                 Conj/Fire      #.........   100%        5    ######.
 Apportation              Tloc           #.....       85%         1    ##.....
 Conjure Flame            Conj/Fire      #.......     99%         3    ####...
 Confuse                  Hex            #.......     99%         3    ####...
 Throw Flame              Conj/Fire      #.....       94%         2    ###....
 Summon Small Mammal      Summ           #...         85%         1    ##.....
 Animate Skeleton         Necr           N/A          85%         1    ##.....
 Sticky Flame             Conj/Fire      #.......     100%        4    #####..
 Tukima's Dance           Hex            #.......     99%         3    ####...
 Dragon Form              Tmut           #.........   100%        7    #######
 Confusing Touch          Hex            #.....       85%         1    ##.....
 Flame Tongue             Conj/Fire      #....        85%         1    ##.....
 Ensorcelled Hibernation  Hex/Ice        #.....       94%         2    ###....
 Metabolic Englaciation   Hex/Ice        #.........   100%        5    ######.
 Corona                   Hex            #......      85%         1    ##.....
 Petrify                  Tmut/Erth      #.......     100%        4    #####..
 Inner Flame              Hex/Fire       #.......     99%         3    ####...
 Dazzling Spray           Conj/Hex       #.....       99%         3    ####...
 Hydra Form               Tmut           #.........   100%        6    #######
 Irradiate                Conj/Tmut      #.........   100%        5    ######.
 Gell's Gravitas          Tloc           #.........   99%         3    ####...
 Yara's Violent Unravell  Hex/Tmut       #.........   100%        5    ######.


Dungeon Overview and Level Annotations

Branches:
Dungeon (11/15)            Temple (0/1) D:5            Lair (0/6) D:9
    Orc: D:9-12

Altars:
Ashenzari
Makhleb
Nemelex Xobeh
Okawaru
Qazlal
Vehumet
Yredelemnul
Zin
The Shining One

Shops:
D:5 =

Annotations:
D:3 2 transporters
D:9 2 transporters


Innate Abilities, Weirdness & Mutations

You cannot be hasted, slowed, berserked, paralysed or teleported.
You can dig through walls and to a lower floor.
Your four strong arms can wield two-handed weapons with a shield.
You have a pair of large antennae on your head. (SInv)


Message History

You block the eight-headed hydra's attack.
The eight-headed hydra bites you.
You hit the eight-headed hydra.
The eight-headed hydra is severely wounded.
You block the eight-headed hydra's attack.
The eight-headed hydra bites you!
* * * LOW HITPOINT WARNING * * *
The eight-headed hydra bites you!
* * * LOW HITPOINT WARNING * * *
You block the eight-headed hydra's attack.
The eight-headed hydra misses you. The eight-headed hydra bites you.
* * * LOW HITPOINT WARNING * * *
The eight-headed hydra bites you but does no damage.
The eight-headed hydra barely misses you.
Press: ? - help, Shift-Dir - straight line, f - eight-headed hydra
Aim: an eight-headed hydra (severely wounded, chance to defeat MR: 57%)
The eight-headed hydra resists with significant effort.
You are near starving!
The eight-headed hydra bites you!
You die...

#......<...##......
#........#..'......
#........####......
#####.#### ###'###
#..## #...# ##..#
###.# ##.# #.#
#########)### #.#
#.#.@DK)>)..# #.#
#.#.###)###.#######'#
#.#.#...#....#.......
#.#.#.###.##.#.......
#...#.#......#.......
#.###.#.###..........
#...#[..#...##.......
######.#######.......
#.# ####+###


You could see an eight-headed hydra and a big kobold.

Vanquished Creatures
  Gastronok (D:8)
  An unseen horror (D:10)
  A hornet (D:9)
  Grinder (D:3)
  2 hippogriffs
  A wraith (D:10)
  A yak (D:7)
  Eustachio (D:5)
  3 hogs (D:7)
  A human (D:7)
  Menkaure (D:4)
  2 water moccasins
  An orc warrior (D:9)
  2 ice beasts
  2 phantoms
  A black bear (D:8)
  5 ogres
  2 centaurs (D:5)
  Blork the orc (D:6)
  3 bullfrogs
  3 scorpions (D:8)
  8 howler monkeys
  6 crimson imps
  2 jellies
  A bullfrog zombie (D:6)
  5 hounds
  2 centaur skeletons
  7 orc priests
  3 iguanas
  A gnoll shaman (D:8)
  4 worker ants
  10 orc wizards
  A hound zombie (D:5)
  A worker ant zombie (D:6)
  12 adders
  4 gnolls (D:8)
  2 shadow imps
  2 adder skeletons
  2 worms (D:3)
  2 dart slugs (D:1)
  3 leopard geckos
  20 orcs
  2 giant cockroaches (D:4)
  7 goblins
  10 hobgoblins
  3 quokkas
  A ball python (D:3)
  7 bats
  7 frilled lizards
  A jackal skeleton (D:6)
  A jackal zombie (D:6)
  11 kobolds
  5 rats
189 creatures vanquished.

Vanquished Creatures (others)
  2 two-headed ogres (D:9)
  An orc (D:9)
  4 toadstools (D:1)
7 creatures vanquished.

Grand Total: 196 creatures vanquished

Notes
Turn   | Place    | Note
-------+----------+-------------------------------------------
     0 | Abyss:1  | KnightedAnt the Formicid Abyssal Knight began the quest for the Orb.
     0 | Abyss:1  | Reached XP level 1. HP: 18/18 MP: 2/2
   114 | Abyss:1  | Noticed a small abomination
   137 | Abyss:1  | Noticed a thrashing horror
   141 | Abyss:1  | Noticed a starcursed mass
   148 | D:1      | Escaped the Abyss
   460 | D:1      | Reached skill level 1 in Dodging
   461 | D:1      | Reached XP level 2. HP: 24/24 MP: 3/3
   537 | D:1      | Reached * piety under Lugonu
   601 | D:1      | Reached XP level 3. HP: 29/29 MP: 4/4
  1226 | D:2      | Reached XP level 4. HP: 36/37 MP: 6/6
  1762 | D:2      | Found a faded altar of an unknown god.
  2000 | D:3      | Found a sparkling altar of Nemelex Xobeh.
  2005 | D:3      | Reached skill level 1 in Shields
  2182 | D:3      | Found a radiant altar of Vehumet.
  2320 | D:3      | Reached XP level 5. HP: 32/42 MP: 7/7
  2509 | D:3      | Found a transporter.
  2737 | D:3      | Noticed Grinder
  2800 | D:3      | Killed Grinder
  2800 | D:3      | Reached XP level 6. HP: 6/49 MP: 8/8
  3078 | D:3      | Found a transporter.
  3224 | D:4      | Reached ** piety under Lugonu
  3386 | D:4      | Noticed Menkaure
  3399 | D:4      | Killed Menkaure
  3399 | D:4      | Reached XP level 7. HP: 51/55 MP: 10/10
  3617 | D:5      | Entered Level 5 of the Dungeon
  3648 | D:5      | Found Henoasal's Jewellery Boutique.
  3737 | D:5      | Reached skill level 5 in Fighting
  3815 | D:5      | Reached XP level 8. HP: 30/62 MP: 11/11
  3822 | D:5      | Reached skill level 5 in Invocations
  3930 | D:5      | Found a staircase to the Ecumenical Temple.
  3943 | D:5      | Found the +3 crown of Dyrovepreva {rElec Int+2 SInv}
  4066 | D:5      | Noticed Eustachio
  4097 | D:5      | Killed Eustachio
  4097 | D:5      | Reached skill level 5 in Armour
  4290 | D:5      | Found a basalt altar of Yredelemnul.
  4308 | D:5      | Found a sparkling altar of Nemelex Xobeh.
  4326 | D:5      | Found a stormy altar of Qazlal.
  4337 | D:5      | Found a shattered altar of Ashenzari.
  4579 | D:6      | Reached skill level 5 in Shields
  4579 | D:6      | Reached XP level 9. HP: 69/69 MP: 13/13
  4622 | D:6      | Reached skill level 5 in Maces & Flails
  4657 | D:6      | Noticed Blork the orc
  4672 | D:6      | Killed Blork the orc
  5322 | D:7      | Reached *** piety under Lugonu
  5483 | D:7      | Reached XP level 10. HP: 61/79 MP: 15/15
  5835 | D:8      | Noticed Gastronok
  5975 | D:8      | Killed Gastronok
  6444 | D:8      | Found an iron altar of Okawaru.
  6813 | D:9      | Noticed a two-headed ogre
  6817 | D:9      | Banished a two-headed ogre
  6817 | D:9      | Reached XP level 11. HP: 87/87 MP: 17/17
  6838 | D:9      | Found a burning altar of Makhleb.
  6840 | D:9      | Noticed a deep troll earth mage
  6842 | D:9      | Found a transporter.
  6853 | D:9      | Found a glowing silver altar of Zin.
  7015 | D:9      | Found a transporter.
  7053 | D:9      | Found a staircase to the Lair.
  7059 | D:9      | Noticed a two-headed ogre
  7069 | D:9      | Banished a two-headed ogre
  7084 | D:9      | Found a glowing golden altar of the Shining One.
  7384 | D:10     | Entered Level 10 of the Dungeon
  7396 | D:10     | Learned a level 6 spell: Statue Form
  7474 | D:10     | Reached skill level 1 in Earth Magic
  7886 | D:10     | Noticed an unseen horror
  7907 | D:10     | Killed an unseen horror
  8058 | D:11     | Noticed an eight-headed hydra
  8080 | D:10     | Slain by an eight-headed hydra

Skill      XL: |  1  2  3  4  5  6  7  8  9 10 11 |
---------------+----------------------------------+-----
Dodging        | 1 |  1.5
Invocations    | 3 4 5 7 8 9 |  9.4
Armour         | 3 4 5 6 8 |  8.7
Shields        | 1 2 3 5 6 8 9 |  9.0
Fighting       | 4 5 6 7 8 9 |  9.0
Maces & Flails | 3 4 6 7 |  7.9
Earth Magic    | 2 |  2.3

Action                   |  1- 3 |  4- 6 |  7- 9 | 10-12 || total
-------------------------+-------+-------+-------+-------++-------
Melee: Mace              |    64 |   163 |   352 |       ||   579
       Whip              |       |       |   100 |   290 ||   390
Invok: Depart the Abyss  |     1 |       |       |       ||     1
       Banish            |       |       |       |     7 ||     7
 Abil: Dig               |       |     3 |     3 |     1 ||     7
  Use: Scroll            |       |       |    14 |     2 ||    16
  Eat: Chunk             |     1 |     7 |     8 |    10 ||    26
Armor: Leather armour    |    22 |    14 |       |       ||    36
       Ring mail         |       |    48 |   123 |    44 ||   215
Dodge: Dodged            |    42 |    52 |   136 |    98 ||   328
Block: Buckler           |    11 |     3 |       |       ||    14
       Large shield      |       |    89 |   315 |   196 ||   600
